 Dungeon Crawl Stone Soup version 0.17.0-73-gb648821 (webtiles) character file.

63256 dvd the Blocker (level 15, -2/81 HPs)
             Began as a Formicid Fighter on Dec 6, 2015.
             Was the Champion of Ru.
             Killed from afar by a wretched star (22 damage)
             ... with an orb of energy
             ... on level 1 of the Abyss on Dec 10, 2015.
             The game lasted 01:58:45 (26887 turns).

dvd the Blocker (Formicid Fighter)                 Turns: 26887, Time: 01:58:45

Health: -2/81      AC: 19    Str: 18    XL:     15   Next: 49%
Magic:  9/10       EV:  9    Int: 10    God:    Ru [******]
Gold:   2387       SH: 14    Dex: 15    Spells: 0 memorised, 14 levels left

rFire  + . .     SeeInvis +     a - +0 battleaxe (elec)
rCold  + . .     Clarity  +     Y - +6 plate armour of Trumpets {rN+}
rNeg   + + .     SustAt   .     C - +1 shield
rPois  +         Gourm    .     (helmet unavailable)
rElec  +         Spirit   .     (no cloak)
rCorr  +         Warding  .     M - +2 pair of gloves
rMut   .         Stasis   +     (no boots)
MR     +....                    X - amulet of Luyrua {Clar Str-2 Int+7 Slay+4}
Stlth  ..........               n - +5 ring of dexterity
                                W - ring of Nastiod {rPois rN+ Slay+5}

@: exhausted, resistant, non-regenerating, diseased, drained, somewhat resistant
to hostile enchantments, extremely unstealthy
A: permanent stasis, dig shafts and tunnels, four strong arms, antennae 3,
hooves 1, blurry vision 2, clumsy 2, deformed body, deterioration 1, dopey 2,
frail 3, low mp 3, screaming 2, slow regeneration 1, weak 2, no device heal 1,
subdued magic 3, no stealth, inability to use devices, hated by all, cowardly,
no ice magic, no summoning magic, no transmutations magic, MP-powered wands
a: Dig, Shaft Self, Draw Out Power, Power Leap, Apocalypse, Renounce Religion


You were on level 1 of the Abyss.
You worshipped Ru.
Ru was exalted by your worship.
You were not hungry.

You visited 4 branches of the dungeon, and saw 22 of its levels.
You visited the Abyss 1 time.
You also visited: Labyrinth and Sewer.

You collected 2647 gold pieces.
You spent 260 gold pieces at shops.

Inventory:

Hand Weapons
 a - a +0 battleaxe of electrocution (weapon)
 b - a +3 morningstar of flaming
 c - a +0 hunting sling
 d - a +2 war axe of electrocution
 j - a +2 mace of draining
 o - a +2 flail of venom
 r - a +2 flail of holy wrath
 s - a +3 mace of protection
 u - a +0 battleaxe of flaming
 w - a +1 war axe of chopping
Missiles
 f - 13 steel sling bullets
 E - 62 sling bullets
 F - 6 sling bullets of flame
 L - 27 tomahawks (quivered)
 P - 30 exploding sling bullets
Armour
 m - a +3 scale mail of cold resistance
 v - a +1 chain mail of cold resistance
 A - a +2 scale mail of magic resistance
 C - a +1 shield (worn)
 D - a +1 ring mail of poison resistance
 I - a +0 scale mail of fire resistance
 K - the +1 leather armour of Lies {rPois Int+4}
   (You found it on level 10 of the Dungeon)

   It affects your intelligence (+4).
   It protects you from poison.
 M - a +2 pair of gloves (worn)
 Y - the +6 plate armour of Trumpets (worn) {rN+}
   (You found it in a labyrinth)

   It protects you from negative energy.
 Z - the +6 scale mail of the Orb {rC+ Str-5 Dex+3}
   (You found it in a labyrinth)

   It affects your strength (-5).
   It affects your dexterity (+3).
   It protects you from cold.
Jewellery
 n - a +5 ring of dexterity (right hand)
 B - a +3 ring of evasion
 G - an uncursed amulet of guardian spirit
 H - an uncursed ring of wizardry
 S - an uncursed amulet of resist corrosion
 W - the ring of Nastiod (left hand) {rPois rN+ Slay+5}
   (You found it in a labyrinth)

   [ring of slaying]

   It affects your accuracy and damage with ranged weapons and melee attacks
   (+5).
   It protects you from poison.
   It protects you from negative energy.
 X - the amulet of Luyrua (around neck) {Clar Str-2 Int+7 Slay+4}
   (You found it in a labyrinth)

   [amulet of clarity]

   It provides mental clarity.
   It affects your strength (-2).
   It affects your intelligence (+7).
   It affects your accuracy and damage with ranged weapons and melee attacks
   (+4).
Scrolls
 i - 19 scrolls of identify
 p - a scroll of enchant weapon
 Q - a scroll of brand weapon
Potions
 g - a potion of flight
 h - 2 potions of resistance
 l - 2 potions of cancellation
 t - 2 potions of curing
Books
 q - a book of Alchemy

   Spells                             Type                      Level
   a - Sublimation of Blood           Necromancy                   2
   b - Ignite Poison                  Fire/Transmutation/Poison    3
   c - Alistair's Intoxication        Transmutation/Poison         4
   d - Condensation Shield            Ice                          4
   e - Petrify                        Transmutation/Earth          4
   f - Irradiate                      Conjuration/Transmutation    5
 y - a book of Frost

   Spells                             Type                      Level
   a - Freeze                         Ice                          1
   b - Throw Frost                    Conjuration/Ice              2
   c - Ozocubu's Armour               Charms/Ice                   3
   d - Throw Icicle                   Conjuration/Ice              4
   e - Summon Ice Beast               Ice/Summoning                4
   f - Condensation Shield            Ice                          4
 z - a book of Annihilations

   Spells                             Type                      Level
   a - Poison Arrow                   Conjuration/Poison           6
   b - Chain Lightning                Conjuration/Air              8
   c - Lehudib's Crystal Spear        Conjuration/Earth            8
   d - Glaciate                       Conjuration/Ice              9
   e - Fire Storm                     Conjuration/Fire             9
 J - a book of Unlife

   Spells                             Type                      Level
   a - Recall                         Summoning/Translocation      3
   b - Animate Dead                   Necromancy                   4
   c - Control Undead                 Necromancy                   4
   d - Cigotuvi's Embrace             Necromancy                   5
   e - Death Channel                  Necromancy                   6
   f - Simulacrum                     Ice/Necromancy               6
 O - a book of Power

   Spells                             Type                      Level
   a - Fulminant Prism                Conjuration/Hexes            4
   b - Iskenderun's Mystic Blast      Conjuration                  4
   c - Venom Bolt                     Conjuration/Poison           5
   d - Bolt of Magma                  Conjuration/Fire/Earth       5
   e - Iron Shot                      Conjuration/Earth            6
   f - Orb of Destruction             Conjuration                  7
   g - Spellforged Servitor           Conjuration/Summoning        7
 U - the Almanac of Attacks and Poisoning
   (You found it on level 4 of the Lair of Beasts)

   Spells                             Type                      Level
   a - Magic Dart                     Conjuration                  1
   b - Mephitic Cloud                 Conjuration/Poison/Air       3
   c - Venom Bolt                     Conjuration/Poison           5
   d - Spellforged Servitor           Conjuration/Summoning        7
 V - a book of Conjurations

   Spells                             Type                      Level
   a - Magic Dart                     Conjuration                  1
   b - Searing Ray                    Conjuration                  2
   c - Dazzling Spray                 Conjuration/Hexes            3
   d - Fulminant Prism                Conjuration/Hexes            4
   e - Iskenderun's Mystic Blast      Conjuration                  4
   f - Iskenderun's Battlesphere      Conjuration/Charms           5
Comestibles
 e - 15 bread rations
 k - 7 meat rations
 x - 5 fruits
 N - 4 slices of pizza


   Skills:
 + Level 10.8(10.2) Fighting
 + Level 11.9(13.0) Axes
 + Level 11.6(12.9) Maces & Flails
 + Level 5.0(4.5) Slings
 * Level 10.9(10.3) Armour
 + Level 8.4(7.9) Dodging
 + Level 13.1(12.4) Shields


You had 14 spell levels left.
You didn't know any spells.

Dungeon Overview and Level Annotations

Branches:
Dungeon (11/15)            Temple (1/1) D:5            Lair (6/8) D:11
  Swamp (0/4) Lair:6        Snake (0/4) Lair:3          Orc (4/4) D:10
    Elf (0/3) Orc:3
  Slime: Lair:6-8

Altars:
Ashenzari
Cheibriados
Dithmenos
Elyvilon
Fedhas
Gozag
Kikubaaqudgha
Makhleb
Nemelex Xobeh
Okawaru
Qazlal
Ru
Sif Muna
Trog
Vehumet
Xom
Yredelemnul
Zin
The Shining One

Shops:
D:4 [   D:7 !   D:11 ?   Orc:2 }   Orc:4 !

Annotations:
Orc:4 Nessos, Sonja


Innate Abilities, Weirdness & Mutations

You are under a permanent stasis effect.
You can dig through walls and to a lower floor.
Your four strong arms can wield two-handed weapons with a shield.
You have a pair of large antennae on your head (SInv).
[You are very dopey. (Int -4)]
You cannot be stealthy.
You cannot study or use magical devices.
You are hated by all.
Your cowardice makes you less effective in combat with threatening monsters.
You cannot study or cast Ice magic.
You cannot study or cast Summoning magic.
You cannot study or cast Transmutations magic.
You have large cloven feet.
[Scrolls take you longer to read.]
[You are very clumsy. (Dex -4)]
[Armour fits poorly on your strangely shaped body.]
[Your body sometimes deteriorates upon taking damage.]
[You are very dopey. (Int -4)]
[You are extremely frail (-30% HP).]
[Your magical capacity is extremely low (-30% MP).]
[You sometimes yell uncontrollably at your foes.]
[You regenerate slowly when monsters are visible.]
[You are very weak. (Str -4)]
[Potions and wands are less effective at restoring your health.]
[Your spells are much easier to cast, but much less powerful.]
[You expend magic power (3 MP) to strengthen your wands.]


Message History

You carve the ynoxinul like a ham!!!
You kill the ynoxinul!
You slash the ufetubus!
The ufetubus is almost dead.
The ufetubus disappears in a puff of smoke! x4
Unknown command.
A wretched star comes into view.
You yell at the wretched star!
You hear a roar! x2
You redirect the small abomination's attack!
The small abomination hits itself!
You closely miss the small abomination. You kick the small abomination.
The small abomination is severely damaged.
The wretched star begins to attack, but is stunned by your will!
You block the small abomination's attack.
You slash the small abomination!
You destroy the small abomination!
The wretched star glows turbulently.
The orb of energy hits you!
You die...

.. ..... .. # .
### #. ..# #. ## #
..#.. # # ..#. .
##.. ... ##.#.##
###@.#..# .R
#..##..##
≈≈≈≈*..####...#
≈≈≈≈≈≈≈...§..x## .
≈≈♣≈♣≈≈..#†..#
.#.♣≈≈≈≈≈≈#.###.§#
#≈≈≈≈≈ ≈ ≈# ...
#.#≈≈ ≈ ≈≈ ..# #
.##.#. ≈≈ ≈≈...


You could see a wretched star.

Vanquished Creatures
  Rupert (Orc:4)
  A revenant (Abyss:1)
  A cacodemon (Abyss:1)
  3 hydras
  The ghost of Nicoed the Protected, a journeyman FoFi of the Shining One (D:11)
  Erolcha (Orc:3)
  5 death yaks (Lair:6)
  A thrashing horror (Abyss:1)
  A hell hog (Abyss:1)
  A wretched star (Abyss:1)
  An unseen horror (D:10)
  2 hill giants
  A swamp dragon (Lair:6)
  2 starcursed masses (Abyss:1)
  2 orc sorcerers (Orc:4)
  2 orc knights
  An ugly thing (D:8)
  A worldbinder (Abyss:1)
  4 oklob plants (Lair:6)
  10 elephants
  A centaur zombie (D:11)
  8 black mambas
  A gargoyle (Lab)
  The ghost of dvd the Shield-Bearer, a novice FoFi (D:6)
  A kobold demonologist (D:11)
  10 spiny frogs
  4 komodo dragons
  An ancient zyme (Abyss:1)
  2 polar bears
  4 trolls
  Grinder (D:3)
  3 two-headed ogres
  17 blink frogs
  A raiju (Abyss:1)
  2 small abominations (Abyss:1)
  A wyvern (D:10)
  A spriggan (D:10)
  A shadow (D:11)
  2 ynoxinuls (Abyss:1)
  13 yaks
  2 neqoxecs (Abyss:1)
  5 hungry ghosts
  5 nagas (Lair:3)
  4 wolves
  7 hippogriffs
  A basilisk (Lab)
  11 water moccasins
  2 wargs
  2 chaos spawn (Abyss:1)
  13 porcupines
  19 orc warriors
  An ice beast (D:6)
  4 phantoms
  Purgy (Sewer)
  3 sky beasts
  2 black bears
  An eye of draining (D:8)
  11 ogres
  2 centaurs
  A wasp (D:8)
  15 crocodiles
  A big kobold (D:8)
  13 giant frogs
  3 earth elementals
  A wyvern skeleton (D:9)
  4 jellies
  5 killer bees (D:9)
  3 scorpions
  4 wights (D:9)
  7 hounds
  3 crimson imps
  3 giant frog skeletons
  34 orc priests
  A centaur skeleton (D:11)
  9 iguanas
  A human zombie (D:3)
  24 orc wizards
  8 worker ants
  15 sheep
  A hound zombie (D:7)
  A worker ant zombie (D:7)
  Robin (D:2)
  3 gnolls (D:7)
  46 river rats
  11 adders
  3 shadow imps
  An ufetubus (Abyss:1)
  An ooze (D:3)
  2 adder skeletons
  A worm (D:3)
  4 giant geckos
  146 orcs
  2 ball pythons
  7 giant cockroaches
  10 hobgoblins
  15 jackals
  6 quokkas
  7 bats
  A giant gecko skeleton (D:5)
  4 giant newts
  22 goblins
  A jackal skeleton (D:5)
  13 kobolds
  10 rats
  7 fungi
  3 plants
697 creatures vanquished.

Vanquished Creatures (others)
  A quicksilver dragon zombie (Abyss:1)
  A minotaur (Lab)
  2 hydras
  A spiny frog (Lair:2)
  2 black mambas (Lair:4)
  A komodo dragon (Lair:4)
  2 blink frogs (Lair:2)
  A two-headed ogre (D:8)
  A raiju (Abyss:1)
  A yak (Lair:6)
  A water moccasin (Lair:1)
  A human (D:3)
  A river rat (Lair:1)
  4 orcs
  17 fungi
  5 plants
42 creatures vanquished.

Grand Total: 739 creatures vanquished

Notes
Turn   | Place    | Note
--------------------------------------------------------------
     0 | D:1      | dvd the Formicid Fighter began the quest for the Orb.
     0 | D:1      | Reached XP level 1. HP: 18/18 MP: 1/1
   326 | D:1      | Reached XP level 2. HP: 18/24 MP: 2/2
   540 | D:1      | Reached skill level 4 in Shields
   634 | D:1      | Reached XP level 3. HP: 28/30 MP: 3/3
  1447 | D:2      | Reached XP level 4. HP: 34/37 MP: 4/4
  1534 | D:2      | Noticed Robin
  1557 | D:2      | Killed Robin
  1759 | D:3      | Reached skill level 1 in Dodging
  1759 | D:3      | Reached XP level 5. HP: 37/42 MP: 5/5
  2059 | D:3      | Reached XP level 6. HP: 25/48 MP: 6/6
  2365 | D:3      | Found a glowing golden altar of the Shining One.
  2485 | D:3      | Found an ancient bone altar of Kikubaaqudgha.
  2512 | D:3      | Noticed a human
  2513 | D:3      | Killed a human
  2526 | D:3      | Reached skill level 1 in Maces & Flails
  2735 | D:3      | Noticed Grinder
  2750 | D:3      | Killed Grinder
  2750 | D:3      | Reached skill level 5 in Shields
  2750 | D:3      | Reached XP level 7. HP: 41/55 MP: 7/7
  3084 | D:4      | Found Lataoc's Armour Boutique.
  3315 | D:4      | Reached skill level 5 in Armour
  3543 | D:4      | Found a sacrificial altar of Ru.
  3551 | D:4      | Became a worshipper of Ru the Awakened
  4193 | D:5      | Entered Level 5 of the Dungeon
  4212 | D:5      | Reached XP level 8. HP: 61/61 MP: 8/8
  4304 | D:5      | Reached skill level 5 in Fighting
  4397 | D:5      | Found a staircase to the Ecumenical Temple.
  4489 | D:5      | Found a sparkling altar of Nemelex Xobeh.
  4571 | D:5      | Found a shadowy altar of Dithmenos.
  4639 | D:5      | Found a glowing drain.
  4646 | Sewer    | Entered a sewer
  4652 | Sewer    | Noticed Purgy
  4685 | Sewer    | Killed Purgy
  4685 | Sewer    | Reached skill level 6 in Shields
  4692 | Sewer    | Gained mutation: You cannot study or use magical devices. [Ru sacrifice]
  4692 | Sewer    | Reached * piety under Ru
  4692 | Sewer    | Reached ** piety under Ru
  4692 | Sewer    | Reached *** piety under Ru
  5387 | Temple   | Entered the Ecumenical Temple
  5680 | D:6      | Noticed dvd's ghost (novice FoFi)
  5707 | D:6      | Killed dvd's ghost
  5707 | D:6      | Reached skill level 1 in Stealth
  5707 | D:6      | Reached XP level 9. HP: 23/69 MP: 9/9
  6012 | D:6      | Reached skill level 7 in Shields
  6047 | D:6      | Noticed a hill giant
  6469 | D:6      | Found a glowing silver altar of Zin.
  6522 | D:6      | Found an iron altar of Okawaru.
  6719 | D:7      | Found Cyuka's Distillery.
  7204 | D:7      | Found a shattered altar of Ashenzari.
  7803 | D:6      | Killed a hill giant
  7803 | D:6      | Reached skill level 5 in Maces & Flails
  8019 | D:4      | Bought a +3 scale mail of cold resistance for 260 gold pieces
  8162 | D:8      | Reached XP level 10. HP: 67/77 MP: 10/10
  8174 | D:8      | Reached skill level 8 in Shields
  8262 | D:8      | Reached skill level 5 in Dodging
  8336 | D:8      | Found a stormy altar of Qazlal.
  8435 | D:8      | Gained mutation: You are hated by all. [Ru sacrifice]
  8765 | D:8      | Noticed a white ugly thing
  8791 | D:8      | You fall through a shaft for 2 floors!
  8791 | D:10     | Entered Level 10 of the Dungeon
  8976 | D:10     | Noticed an unseen horror
  9011 | D:10     | Killed an unseen horror
  9013 | D:10     | Got a faintly humming leather armour
  9024 | D:10     | Identified the +1 leather armour of Lies {rPois Int+4} (You found it on level 10 of the Dungeon)
 10094 | D:9      | Reached skill level 9 in Shields
 10184 | D:8      | You fall through a shaft for 2 floors!
 10293 | D:8      | Reached XP level 11. HP: 84/84 MP: 11/11
 10328 | D:8      | Killed a white ugly thing
 10519 | D:9      | Reached skill level 5 in Axes
 11491 | D:9      | Reached skill level 10 in Shields
 11491 | D:9      | Reached XP level 12. HP: 90/93 MP: 12/12
 12048 | D:10     | Gained mutation: Your cowardice makes you less effective in combat with threatening monsters. [Ru sacrifice]
 12048 | D:10     | Reached **** piety under Ru
 12048 | D:10     | Reached ***** piety under Ru
 12319 | D:10     | Found a staircase to the Orcish Mines.
 12720 | D:11     | Noticed a six-headed hydra
 12733 | D:11     | Killed a six-headed hydra
 13180 | D:11     | Found Zimulel's Magic Scroll Boutique.
 13210 | D:11     | Found a staircase to the Lair.
 13215 | D:11     | Reached skill level 5 in Stealth
 13219 | D:11     | Noticed Nicoed's ghost (journeyman FoFi)
 13253 | D:11     | Killed Nicoed's ghost
 13779 | D:11     | Upgraded the game from 0.17.0-56-gd8de76c to 0.17.0-73-gb648821
 13808 | Lair:1   | Entered Level 1 of the Lair of Beasts
 13897 | Lair:1   | Reached XP level 13. HP: 62/100 MP: 9/13
 14058 | Lair:1   | Gained mutation: You cannot study or cast Ice magic. [Ru sacrifice]
 14058 | Lair:1   | Gained mutation: You cannot study or cast Transmutations magic. [Ru sacrifice]
 14058 | Lair:1   | Gained mutation: You cannot study or cast Summoning magic. [Ru sacrifice]
 16120 | Lair:2   | Reached skill level 10 in Maces & Flails
 16983 | Lair:3   | Gained mutation: You cannot be stealthy. [Ru sacrifice]
 17683 | Lair:3   | Gained mutation: You have large cloven feet. [potion of beneficial mutation]
 17744 | Lair:3   | Reached skill level 11 in Shields
 17766 | Lair:3   | Found a staircase to the Snake Pit.
 18467 | Lair:4   | Identified the Almanac of Attacks and Poisoning
 19033 | Lair:4   | Gained mutation: [You are dopey. (Int -2)] [Ru sacrifice]
 19033 | Lair:4   | Reached ****** piety under Ru
 19399 | Lair:4   | Reached XP level 14. HP: 108/108 MP: 14/14
 19673 | Lair:5   | Lost intelligence.
 20478 | Lair:6   | Reached skill level 10 in Axes
 21317 | Lair:6   | Reached skill level 12 in Shields
 21341 | Lair:6   | Found a staircase to the Swamp.
 21937 | Lair:6   | Reached skill level 10 in Fighting
 22279 | Lair:6   | Reached skill level 5 in Slings
 23272 | Orc:1    | Entered Level 1 of the Orcish Mines
 24303 | Orc:2    | Found Xihiotzo's Gadget Emporium.
 24604 | Orc:3    | Found a staircase to the Elven Halls.
 24921 | Orc:3    | Noticed Erolcha
 24926 | Orc:3    | Killed Erolcha
 25339 | Orc:4    | Entered Level 4 of the Orcish Mines
 25353 | Orc:4    | Noticed Rupert
 25381 | Orc:4    | Killed Rupert
 25381 | Orc:4    | Reached skill level 10 in Armour
 25381 | Orc:4    | Reached XP level 15. HP: 53/117 MP: 13/15
 25515 | Orc:4    | Found a labyrinth entrance.
 25523 | Orc:4    | Noticed Nessos
 25525 | Lab      | Entered a labyrinth
 25998 | Lab      | Got a translucent pewter ring
 25998 | Lab      | Got a bound pewter amulet
 25999 | Lab      | Got a steaming plate armour
 25999 | Lab      | Got a transparent scale mail
 26010 | Lab      | Identified the +6 scale mail of the Orb {rC+ Str-5 Dex+3} (You found it in a labyrinth)
 26020 | Lab      | Identified the +6 plate armour of Trumpets {rN+} (You found it in a labyrinth)
 26162 | Orc:4    | Identified the amulet of Luyrua {Clar Str-2 Int+7 Slay+4} (You found it in a labyrinth)
 26164 | Orc:4    | Identified the ring of Nastiod {rPois rN+ Slay+5} (You found it in a labyrinth)
 26500 | Orc:4    | Found Josh's Distillery.
 26580 | Orc:4    | Noticed Sonja
 26588 | Orc:4    | Cast into the Abyss (Sonja)
 26720 | Abyss:1  | Found a roughly hewn altar of Beogh.
 26723 | Abyss:1  | Found a corrupted altar of Lugonu.
 26816 | Abyss:1  | Noticed a cacodemon
 26823 | Abyss:1  | Gained mutation: [Your magical capacity is low (-10% MP).] [a cacodemon]
 26826 | Abyss:1  | Killed a cacodemon
 26826 | Abyss:1  | Reached skill level 13 in Shields
 26864 | Abyss:1  | Noticed a revenant
 26871 | Abyss:1  | Killed a revenant
 26887 | Abyss:1  | Killed from afar by a wretched star

Action                   |  1- 3 |  4- 6 |  7- 9 | 10-12 | 13-15 || total
-------------------------+-------+-------+-------+-------+-------++-------
Melee: War axe           |   120 |    42 |    18 |       |    29 ||   209
       Mace              |       |   119 |   399 |   628 |   434 ||  1580
       Battleaxe         |       |       |       |   151 |   558 ||   709
       Flail             |       |       |       |    15 |    76 ||    91
       Hand axe          |       |       |       |       |    34 ||    34
       Morningstar       |       |       |       |       |   177 ||   177
 Fire: Hunting sling     |       |       |       |    20 |    65 ||    85
Throw: Tomahawk          |       |       |       |       |     1 ||     1
Invok: Sacrifice Artific |       |       |     1 |       |       ||     1
       Draw Out Power    |       |       |       |     1 |     2 ||     3
       Sacrifice Love    |       |       |       |     1 |       ||     1
       Sacrifice Courage |       |       |       |     1 |       ||     1
       Sacrifice Purity  |       |       |       |       |     1 ||     1
       Sacrifice Stealth |       |       |       |       |     1 ||     1
       Sacrifice Arcana  |       |       |       |       |     1 ||     1
       Apocalypse        |       |       |       |       |     1 ||     1
 Abil: Dig               |     1 |     2 |     3 |     2 |    21 ||    29
       Shaft Self        |       |       |       |     1 |       ||     1
  Use: Scroll            |       |     4 |     6 |     3 |    11 ||    24
       Potion            |       |       |     3 |    13 |    12 ||    28
 Stab: Invisible         |       |       |     2 |    13 |    26 ||    41
       Distracted        |       |       |     2 |     4 |    12 ||    18
       Sleeping          |       |       |     2 |     3 |     2 ||     7
       Paralysed         |       |       |       |       |     8 ||     8
  Eat: Chunk             |     2 |     5 |    12 |     9 |    30 ||    58
       Meat ration       |       |       |     1 |     2 |     3 ||     6
       Beef jerky        |       |       |       |     2 |       ||     2
       Royal jelly       |       |       |       |       |     2 ||     2
